 Dungeon Crawl Stone Soup version 0.25-a0-665-ga69d64035b (webtiles) character file.

Game seed: 16410111148829190302, levelgen mode: deterministic

50 kae the Firebug (level 3, -1/19 HPs)
             Began as a Tengu Fire Elementalist on Mar 26, 2020.
             Slain by a rat (2 damage)
             ... on level 2 of the Dungeon.
             The game lasted 00:01:31 (2022 turns).

kae the Firebug (Tengu Fire Elementalist)           Turns: 2022, Time: 00:01:32

Health: -1/19      AC:  2    Str:  8    XL:     3   Next: 79%
Magic:  7/7        EV: 13    Int: 16    God:
Gold:   0          SH:  0    Dex: 16    Spells: 3/7 levels left

rFire    . . .     SeeInvis .   (no weapon)
rCold    . . .     Gourm    .   (no shield)
rNeg     . . .     Faith    .   a - +0 robe
rPois    .         Spirit   .   (helmet restricted)
rElec    .         Reflect  .   (no cloak)
rCorr    .         Harm     .   (no gloves)
MR       .....                  (boots unavailable)
Stlth    +++.......             (no amulet)
HPRegen  0.06/turn              (no ring)
MPRegen  0.10/turn              (no ring)

@: no status effects
A: beak, talons 3, thin skeletal structure 1
a: no special abilities


You were on level 2 of the Dungeon.
You were not hungry.

You visited 1 branch of the dungeon, and saw 2 of its levels.

Inventory:

Armour
 a - a +0 robe (worn)
Scrolls
 d - 7 scrolls of remove curse
 f - 2 scrolls of identify
 h - a scroll of random uselessness {unknown}
Potions
 e - 3 potions of invisibility
 g - 2 potions of might
Comestibles
 c - 4 rations


   Skills:
 - Level 2.1 Dodging
 - Level 2.0 Stealth
 + Level 2.5 Spellcasting
 * Level 3.4 Conjurations
 + Level 3.7 Fire Magic


You had 3 spell levels left.
You knew the following spells:

 Your Spells              Type           Power        Failure   Level  Hunger
a - Foxfire               Conj/Fire      ##..         4%          1    #......
b - Conjure Flame         Conj/Fire      ##......     13%         3    ###....

Your spell library contained the following spells:

 Spells                   Type           Power        Failure   Level  Hunger
 Inner Flame              Hex/Fire       #.......     26%         3    ###....
 Sticky Flame             Conj/Fire      ##......     41%         4    #####..
 Fireball                 Conj/Fire      ##........   77%         5    ######.


Dungeon Overview and Level Annotations

Branches:
Dungeon (2/15)

Altars:
Okawaru


Innate Abilities, Weirdness & Mutations

You have a beak for a mouth.
You have claws for feet.
You have a somewhat thin skeletal structure. (Dex +2, Stealth)


Message History

The kobold throws a stone.
The stone closely misses you.
You see here a stone.
A kobold is nearby!
A kobold is nearby!
A kobold is nearby!
The kobold throws a stone.
The stone hits you but does no damage.
You see here a stone.
A rat comes into view. x2
The kobold hits you with a +1 whip of electrocution.
You barely miss the rat. Your kick misses the rat. Your peck misses the rat.
The rat bites you. The kobold hits you but does no damage.
You are electrocuted!
Ouch! That really hurt!
* * * LOW HITPOINT WARNING * * *
You see here a stone.
You see here a stone.
It was a potion of mutation.
You feel extremely strange.
You feel stupid.
Your bones become slightly less dense.
You feel clever. The rat bites you.
You die...

#.# #.# # #.# .# #.# # .##
#.# #. ...# # ###.#
#.###...# ## ##.#รท#
#.......#
.####....##########K..#.##
.'..............@r(.r......
.####...##.########...#.##.
## ##.###.##### ##.## # #
###.......# ## #.#.###.#
#...# #.# ##.[.###.#
#.....##.# ##...###.#


You could see a kobold and 2 rats.

Vanquished Creatures
  3 oozes
  A worm (D:2)
  A dart slug (D:1)
  2 leopard geckos (D:1)
  3 giant cockroaches (D:1)
  3 goblins
  3 hobgoblins
  2 jackals (D:1)
  4 kobolds (D:1)
  A bat (D:1)
  3 frilled lizards
  4 rats
30 creatures vanquished.

Vanquished Creatures (others)
  81 foxfires
81 creatures vanquished.

Grand Total: 111 creatures vanquished

Notes
Turn   | Place    | Note
-------+----------+-------------------------------------------
     0 | D:1      | kae the Tengu Fire Elementalist began the quest for the
                  | Orb.
     0 | D:1      | Reached XP level 1. HP: 10/10 MP: 4/4
    99 | D:1      | Reached XP level 2. HP: 15/15 MP: 4/6
   545 | D:1      | Reached XP level 3. HP: 19/19 MP: 4/7
   607 | D:1      | Learned a level 3 spell: Conjure Flame
  1650 | D:2      | Found an iron altar of Okawaru.
  2022 | D:2      | Gained mutation: You are dopey. (Int -2) [potion of
                  | mutation]
  2022 | D:2      | Gained mutation: You have a somewhat thin skeletal
                  | structure. (Dex +2, Stealth) [potion of mutation]
  2022 | D:2      | Lost mutation: You are dopey. (Int -2) [potion of mutation]
  2022 | D:2      | Slain by a rat

Levels and vault maps discovered:
D:1:      dpeg_arrival_fog, layout_basic, serial_forest,
          infiniplex_forest_straight_3, infiniplex_forest_join,
          infiniplex_forest_clump_small, infiniplex_forest_side_room,
          infiniplex_forest_straight_1, infiniplex_forest_split,
          infiniplex_forest_end_3
D:2:      layout_loops_corners, okawaru_gym_becter

Skill      XL: |  1  2  3 |
---------------+----------+-----
Conjurations   | 2 3 |  3.4
Dodging        | |  2.1
Stealth        | |  2.0
Spellcasting   | |  2.5
Fire Magic     | |  3.7

Action                   || total
-------------------------++-------
Melee: Unarmed           ||    30
       Peck              ||     5
       Kick              ||     3
 Cast: Foxfire           ||    52
  Use: Scroll            ||     3
       Potion            ||     1
  Eat: Chunk             ||     4
Armor: Robe              ||    10
Dodge: Dodged            ||    41

Table legend:
 A = Non-vault XP
 B = Vault XP
 C = Vault XP percentage of total XP
 D = Non-vault monster count
 E = Vault monster count
 F = Vault count percentage of total count
                 A         B        C        D         E       F
            +---------+---------+-------+---------+---------+-------
      Total |      72 |       0 |   0.0 |      30 |       0 |   0.0
            +---------+---------+-------+---------+---------+-------
        D:1 |      55 |       0 |   0.0 |      24 |       0 |   0.0
        D:2 |      17 |       0 |   0.0 |       6 |       0 |   0.0
            +---------+---------+-------+---------+---------+-------
